 Dungeon Crawl Stone Soup version 0.30.0-20-g3615ddf2f0 (webtiles) character file.

Game seed: 11957256630421649594

123 qw the Chopper (level 5, -1/32 HPs)
             Began as a Gargoyle Fighter on May 31, 2023.
             Slain by Sigmund
             ... wielding a +0 scythe
              (7 damage)
             ... on level 3 of the Dungeon.
             The game lasted 00:01:17 (2308 turns).

qw the Chopper (Gargoyle Fighter)                   Turns: 2308, Time: 00:01:18

Health: -1/32      AC: 12    Str: 22    XL:     5   Next: 7%
Magic:  5/5        EV:  9    Int:  8    God:
Gold:   107        SH:  4    Dex:  9    Spells: 4/4 levels left

rFire   . . .        Y - +0 war axe
rCold   . . .        c - +0 buckler
rNeg    + . .        b - +0 scale mail
rPois   inf          (no helmet)
rElec   +            (no cloak)
rCorr   .            j - +0 pair of gloves
SInv    .            (no boots)
Will    .....        (no amulet) Stlth
                     (no ring)
HPRegen 0.25/turn    (no ring)
MPRegen 0.09/turn

%: no passive effects
@: no status effects
A: sickness immunity, AC +4, negative energy resistance 1, electricity
resistance, torment resistance 1, petrification resistance
a: no special abilities


You were on level 3 of the Dungeon.
You visited 1 branch of the dungeon, and saw 3 of its levels.

You collected 107 gold pieces.


Innate Abilities, Weirdness & Mutations

You are immune to sickness and miasma.
Your stone body is resilient. (AC +4)
You are immune to poison.
You resist negative energy. (rN+)
You are resistant to electric shocks. (rElec)
You are resistant to unholy torment.
You are immune to petrification.


   Skills:
 - Level 3.2 Fighting
 + Level 4.6 Axes
 - Level 3.2 Armour
 - Level 3.2 Shields


You had 4 spell levels left.
You didn't know any spells.
Your spell library was empty.

Inventory:

Hand Weapons
 h - a +0 flail
 Y - a +0 war axe (weapon)
Armour
 b - a +0 scale mail (worn)
 c - a +0 buckler (worn)
 j - a +0 pair of gloves (worn)
Jewellery
 n - an amulet of regeneration
Scrolls
 e - a scroll of identify
Potions
 a - a potion of haste {unknown}
 d - a potion of might
 f - a potion of cancellation
 g - a potion of brilliance {unknown}
 i - a potion of curing {unknown}
 k - a potion of mutation {unknown}
 m - a potion of lignification {unknown}
 o - a potion of ambrosia {unknown}

Dungeon Overview and Level Annotations

Branches:
Dungeon (3/15)

Altars:

Shops:
D:2 [

Annotations:
D:3 Sigmund


Message History

A hobgoblin comes into view.
The hobgoblin shouts!
Sigmund the Dreaded comes into view.
He is wielding a +0 scythe.
Enter note:
Enter note:
Enter note:
Enter note:
Enter note:
Enter note:
2299 ||| Stepping ~*~*~tactically~*~*~ (stealth).
Sigmund shouts!
Sigmund mumbles some strange words.
Sigmund flickers and vanishes!
Deactivating autopickup; reactivate with Ctrl-A.
You throw a boomerang.
The boomerang completely misses the hobgoblin.
Found 14 gold pieces.
Enter note:
Enter note:
Enter note:
Enter note:
Enter note:
Enter note: You closely miss the hobgoblin.
The hobgoblin barely misses you. Something hits you.
The hobgoblin closely misses you.
You hit the hobgoblin but do no damage.
The hobgoblin hits you but does no damage.
Something hits you!
You slash the hobgoblin!
You kill the hobgoblin!
A magic dart appears from out of thin air!
The magic dart hits you!
You swing at nothing.
Something hits you but does no damage.
You swing at nothing.
Something hits you.
You swing at nothing.
Something hits you!
You die...

#..###..###...#.#
#....
#.###....###....#
#....
#.##......##..###
#####
#.............# #
#############.# #
#.# # #.# # #.# #
#@# #
.......%..$....
~~PP}P}{###.###
}P....~.#
~.#P#...# ~
#.#.~.. # #.~.#
#.~.#


There were no monsters in sight!

Vanquished Creatures
  5 adders
  2 worms
  A dart slug (D:1)
  An orc (D:3)
  6 bats
  6 endoplasms
  3 giant cockroaches
  5 goblins
  11 hobgoblins
  9 kobolds
  2 quokkas
  8 ball pythons
  5 frilled lizards
  4 rats
68 creatures vanquished.

Notes
Turn   | Place    | Note
-------+----------+-------------------------------------------
     0 | D:1      | qw the Gargoyle Fighter began the quest for the Orb.
     0 | D:1      | Reached XP level 1. HP: 14/14 MP: 1/1
     0 | D:1      | 0 ||| qw: Version: 0.2-a-102-gfc559e5
     0 | D:1      | 0 ||| qw: Game counter: 517
     0 | D:1      | 0 ||| qw: Always use a shield: true
     0 | D:1      | 0 ||| qw: God list: Okawaru
     0 | D:1      | 0 ||| qw: Allow faded altars: false
     0 | D:1      | 0 ||| qw: Do Orc after D:15 true
     0 | D:1      | 0 ||| qw: Do second Lair branch before Depths: true
     0 | D:1      | 0 ||| qw: Lair rune preference: random
     0 | D:1      | 0 ||| qw: Plans: Normal, Zot:1-4, Slime:5, God:TSO, Crypt,
                  | Tomb, Pan, Hells, Abyss, Win
     0 | D:1      | 0 ||| PLANNING D:1-11
     1 | D:1      | Noticed an electric eel
    18 | D:1      | 18 ||| FLEEEEING.
    19 | D:1      | 19 ||| FLEEEEING.
    20 | D:1      | 20 ||| FLEEEEING.
    21 | D:1      | 21 ||| FLEEEEING.
    31 | D:1      | Reached skill level 2 in Axes
   123 | D:1      | Reached XP level 2. HP: 19/19 MP: 2/2
   189 | D:1      | 189 ||| Stepping ~*~*~tactically~*~*~ (stealth).
   518 | D:1      | Reached skill level 3 in Axes
   800 | D:1      | 800 ||| READING scroll labelled ASECHE VEUGYPP.
   801 | D:1      | 801 ||| READING scroll labelled ARPHAGG ZICLO.
   802 | D:1      | 802 ||| READING scroll labelled ZAITEI WALU.
   803 | D:1      | 803 ||| READING scroll labelled FACKANWECEW.
   804 | D:1      | 804 ||| READING scroll labelled TIOCIU ALAUMY.
   807 | D:1      | 807 ||| READING scroll labelled OHEACAA VEUNK.
   808 | D:1      | 808 ||| READING scroll labelled DEFAUPA KAIP.
   809 | D:1      | 809 ||| DRINKING 2 sedimented golden potions.
   810 | D:1      | 810 ||| DROPPING potion of flight.
   842 | D:2      | 842 ||| STAIRDANCE
   845 | D:1      | Reached XP level 3. HP: 22/23 MP: 3/3
   896 | D:2      | 896 ||| Stepping ~*~*~tactically~*~*~ (stealth).
   951 | D:2      | 951 ||| Stepping ~*~*~tactically~*~*~ (stealth).
   953 | D:2      | 953 ||| Stepping ~*~*~tactically~*~*~ (stealth).
   954 | D:2      | 954 ||| Stepping ~*~*~tactically~*~*~ (stealth).
   955 | D:2      | 955 ||| Stepping ~*~*~tactically~*~*~ (stealth).
   956 | D:2      | 956 ||| Stepping ~*~*~tactically~*~*~ (stealth).
  1040 | D:2      | Found Hunina Xisy's Antique Armour Emporium.
  1049 | D:2      | 1049 ||| SHOPLISTING chain mail (130 gold, have 60).
  1049 | D:2      | 1049 ||| SHOPLISTING dazzling leather armour (203 gold,
                  | have 60).
  1049 | D:2      | 1049 ||| SHOPLISTING helmet (130 gold, have 60).
  1049 | D:2      | 1049 ||| SHOPLISTING shiny chain mail (217 gold, have 60).
  1049 | D:2      | 1049 ||| SHOPLISTING shiny scale mail (203 gold, have 60).
  1398 | D:2      | 1398 ||| Stepping ~*~*~tactically~*~*~ (hiding).
  1634 | D:2      | 1634 ||| Stepping ~*~*~tactically~*~*~ (stealth).
  1641 | D:2      | Reached XP level 4. HP: 24/28 MP: 4/4
  1821 | D:2      | 1821 ||| UPGRADING to +0 pair of gloves.
  1826 | D:2      | 1826 ||| DROPPING orb of mayhem.
  1827 | D:2      | 1827 ||| READING scroll labelled PUNOAWONTOCVU.
  1828 | D:2      | 1828 ||| READING 2 scrolls of identify.
  1828 | D:2      | 1828 ||| IDENTIFYING sedimented white potion
  1927 | D:3      | Reached skill level 4 in Axes
  1961 | D:3      | 1961 ||| Stepping ~*~*~tactically~*~*~ (stealth).
  1982 | D:3      | 1982 ||| Stepping ~*~*~tactically~*~*~ (stealth).
  1999 | D:3      | 1999 ||| Stepping ~*~*~tactically~*~*~ (hiding).
  2002 | D:3      | 2002 ||| Stepping ~*~*~tactically~*~*~ (hiding).
  2240 | D:3      | Reached XP level 5. HP: 32/32 MP: 5/5
  2298 | D:3      | Noticed Sigmund
  2299 | D:3      | 2299 ||| Stepping ~*~*~tactically~*~*~ (stealth).
  2305 | D:3      | HP: 7/32 [something/magic dart (10)]
  2308 | D:3      | Slain by Sigmund

Levels and vault maps discovered:
D:1:      arrival_aquarium_a, layout_basic, minmay_misc_feat_chi
D:2:      minmay_alternating_diamond, layout_loops_corners, serial_shops, shop
D:3:      layout_loops_ring, shapermc_ecumenical_altar_acropolis, hex_tiny,
          minivault_19, dk_noncrumbling_2, st_stairs_9,
          nicolae_figureground_pulse, uniq_sigmund

Skill      XL: |  1  2  3  4 |
---------------+-------------+-----
Axes           | 2 3 4 |  4.6
Fighting       | |  3.2
Armour         | |  3.2
Shields        | |  3.2

Action                     |  1- 3 |  4- 6 || total
---------------------------+-------+-------++-------
  Melee: War axe           |   104 |    65 ||   169
  Throw: Boomerang         |       |    18 ||    18
    Use: Scroll            |     7 |     2 ||     9
         Potion            |     1 |       ||     1
 Armour: Scale mail        |    41 |    40 ||    81
  Dodge: Dodged            |    50 |    22 ||    72
  Block: Buckler           |    17 |    13 ||    30

Table legend:
 A = Non-vault XP
 B = Vault XP
 C = Vault XP percentage of total XP
 D = Non-vault monster count
 E = Vault monster count
 F = Vault count percentage of total count
                 A         B        C        D         E       F
            +---------+---------+-------+---------+---------+-------
      Total |     160 |      17 |   9.6 |      59 |       9 |  13.2
            +---------+---------+-------+---------+---------+-------
        D:1 |      34 |       0 |   0.0 |      21 |       0 |   0.0
        D:2 |      45 |      11 |  19.6 |      19 |       6 |  24.0
        D:3 |      81 |       6 |   6.9 |      19 |       3 |  13.6
            +---------+---------+-------+---------+---------+-------
